 Dungeon Crawl Stone Soup version 0.29.1-15-g9cfb28693d (webtiles) character file.

Game seed: 8647695990033891109

7286 croobank the Shield-Bearer (level 10, -4/66 (74) HPs)
             Began as a Demonspawn Fire Elementalist on Apr 27, 2023.
             Was an Elder of Wu Jian.
             Killed from afar by Josephine (22 damage)
             ... with a ghostly fireball
             ... on level 10 of the Dungeon.
             The game lasted 00:34:26 (14694 turns).

croobank the Shield-Bearer (DsFE)                  Turns: 14694, Time: 00:34:27

HP:   -4/66 (74)    AC: 11    Str:  9    XL:     10   Next: 89%
MP:   18/18         EV: 12    Int: 25    God:    Wu Jian [****..]
Gold: 522           SH: 11    Dex: 13    Spells: 9/19 levels left

rFire   + + .      SeeInvis .   r - staff of fire
rCold   x . .      Faith    .   z - +2 kite shield
rNeg    . . .      Spirit   .   O - +0 steam dragon scales
rPois   .          Reflect  .   h - +1 helmet
rElec   .          Harm     .   F - +1 cloak
rCorr   .          Rampage  .   (no gloves)
Will    .....                   j - +1 pair of boots
Stlth   +++.......              (no amulet)
HPRegen 0.21/turn               v - ring of fire
MPRegen 0.16/turn               (no ring)

@: hasted and slowed, studying Ice Magic, heavily drained
A: demonic guardian 2, foul stench 2, big brain 2, demonic touch 1
a: Renounce Religion, Wall Jump, Serpent's Lash


You were on level 10 of the Dungeon.
You worshipped Wu Jian.
Wu Jian was greatly pleased with you.
You visited 1 branch of the dungeon, and saw 10 of its levels.
You also visited: Sewer and Ossuary.

You collected 522 gold pieces.

Inventory:

Hand Weapons
 a - a +4 hand axe
 c - a +0 short sword
 m - a +3 great sword
 A - a +2 dagger of flaming
 I - a +2 war axe
 S - a +5 long sword
Missiles
 t - a throwing net
 y - 4 boomerangs
 B - 10 poisoned darts
 Q - a curare-tipped dart
Armour
 h - a +1 helmet (worn)
 j - a +1 pair of boots (worn)
 z - a +2 kite shield (worn)
 F - a +1 cloak (worn)
 G - a +0 leather armour
 H - a +0 ring mail
 J - a +0 robe of willpower
 O - +0 steam dragon scales (worn)
Magical Staves
 r - a staff of fire (weapon)
 E - a staff of earth
Jewellery
 v - a ring of fire (left hand)
 K - the ring of Orarr {Drain rPois Will+ rCorr SInv}
   (You found it on level 7 of the Dungeon)

   [ring of willpower]

   rPois:     It protects you from poison.
   SInv:      It lets you see invisible.
   rCorr:     It protects you from acid and corrosion.
   Drain:     It drains your maximum health when unequipped.
   Will:      It increases your willpower.
Wands
 w - a wand of digging (2)
 M - a wand of iceblast (14)
Scrolls
 f - 6 scrolls of amnesia
 i - a scroll of noise
 o - a scroll of torment
 p - 6 scrolls of teleportation
 s - 5 scrolls of blinking
 u - 2 scrolls of magic mapping
 x - a scroll of butterflies
 L - a scroll of immolation
 P - 2 scrolls of silence
Potions
 b - 2 potions of magic
 e - 5 potions of curing
 g - 7 potions of heal wounds
 k - 3 potions of lignification
 l - 3 potions of brilliance
 n - 7 potions of flight
 q - 2 potions of haste
 C - 2 potions of attraction
 D - 2 potions of berserk rage
 N - 5 potions of might {unknown}
Miscellaneous
 R - a lightning rod (4/4)


   Skills:
 * Level 5.3 Fighting
 * Level 4.5 Staves
 + Level 5.1 Dodging
 + Level 5.4 Stealth
 * Level 6.1 Shields
 * Level 5.4 Spellcasting
 * Level 5.5 Conjurations
 * Level 4.8 Hexes
 * Level 5.8 Fire Magic
 + Level 2.2 Ice Magic


You had 9 spell levels left.
You knew the following spells:

 Your Spells              Type           Power      Damage    Failure   Level
a - Foxfire               Conj/Fire      100%       2x1d9     1%          1
b - Scorch                Fire           100%       2d10      3%          2
c - Inner Flame           Hex/Fire       66%        N/A       7%          3
d - Flame Wave            Conj/Fire      68%        2d15      21%         4

Your spell library contained the following spells:

 Spells                   Type           Power      Damage    Failure   Level
 Conjure Flame            Conj/Fire      68%        6-21      6%          3
 Ensorcelled Hibernation  Hex/Ice        48%        N/A       8%          2
 Tukima's Dance           Hex            31%        N/A       9%          3
 Stone Arrow              Conj/Erth      40%        3d9       21%         3
 Apportation              Tloc           12%        N/A       22%         1
 Necrotise                Necr           24%        1d5       22%         1
 Sandblast                Erth           12%        2d6       22%         1
 Summon Small Mammal      Summ           24%        N/A       22%         1
 Passwall                 Tmut/Erth      5%         N/A       32%         2
 Sublimation of Blood     Necr           6%         N/A       32%         2
 Gell's Gravitas          Tloc           6%         N/A       54%         3
 Lesser Beckoning         Tloc           6%         N/A       54%         3
 Spider Form              Tmut/Pois      6%         N/A       54%         3
 Swiftness                Air            6%         N/A       54%         3
 Teleport Other           Tloc           6%         N/A       54%         3
 Anguish                  Hex/Necr       9%         N/A       61%         4
 Metabolic Englaciation   Hex/Ice        12%        N/A       80%         5
 Irradiate                Conj/Tmut      10%        3d15      88%         5
 Passage of Golubria      Tloc           6%         N/A       91%         4
 Petrify                  Tmut/Erth      6%         N/A       91%         4
 Yara's Violent Unravell  Hex/Tmut       9%         3d6       91%         5
 Blade Hands              Tmut           3%         N/A       99%         5
 Statue Form              Tmut/Erth      4%         N/A       100%        6
 Dragon Form              Tmut           3%         N/A       100%        7
 Storm Form               Tmut/Air       3%         N/A       100%        7
 Maxwell's Capacitive Co  Air            3%         ∞         100%        8


Dungeon Overview and Level Annotations

Branches:
Dungeon (10/15)            Temple (0/1) D:6            Lair (0/5) D:8
  Sewer (visited)         Ossuary (visited)
    Orc: D:9-12

Altars:
Ashenzari
Cheibriados
Dithmenos
Kikubaaqudgha
Makhleb
Nemelex Xobeh
Ru
Sif Muna
Trog
Uskayaw
Wu Jian
Yredelemnul

Annotations:
D:9 2 transporters, booth's ghost, novice DsGl
D:10 Josephine


Innate Abilities, Weirdness & Mutations

A demonic guardian rushes to your aid.
You sometimes emit foul miasma when damaged in melee.
You have an extremely huge brain. (Int +4)
Your touch may inflict minor irresistible damage on your foes.


Message History

The wraith attacks as you move away! You block the wraith's attack.
Found 5 stones.
You spin and attack the wraith.
You hit the wraith but do no damage. The wraith barely misses you.
The wraith attacks as you move away! You block the wraith's attack.
The wraith attacks as you move away! The wraith hits you.
The wraith drains your vigour!
You feel yourself slow down. The wraith attacks as you move away!
You block the wraith's attack.
Found 5 stones.
Josephine gestures at you while chanting.
The ghostly flame explodes!
The ghostly fireball engulfs the wraith.
The wraith completely resists.
The ghostly fireball engulfs you!!
You feel drained.
The ghostly fireball engulfs the wraith.
The wraith completely resists.
You block the wraith's attack. The wraith attacks as you move away!
The wraith barely misses you. The wraith attacks as you move away!
You block the wraith's attack.
Found 17 gold pieces.
The wraith hits you but does no damage. The wraith attacks as you move away!
You block the wraith's attack. The wraith completely misses you.
You feel yourself speed up.
Josephine says, "I'll make a rug of your skin."
You block the wraith's attack.
Found a potion of curing.
The wraith attacks as you move away! The wraith hits you!
The wraith drains your vigour!
You feel as though you will be slow longer.
Josephine gestures at you while chanting.
The ghostly flame explodes!
The ghostly fireball engulfs you!
You feel drained. The wraith attacks as you move away!
The wraith hits you but does no damage.
Josephine grins evilly.
The wraith attacks as you move away! The wraith hits you.
* * * LOW HITPOINT WARNING * * *
The wraith drains your vigour!
You feel as though you will be slow longer.
Josephine gestures at you while chanting.
The ghostly flame explodes!
The ghostly fireball engulfs you!!
You feel drained.
You die...

..#######..####.###
....÷..............
..........<........
.....÷......<[......
..##########)#.#########
.........................
.........................#
..........[).............#
########.[.....@...........#
>................W......!..#
...........................#
........##...##....W.......#
#####...#...###....@.......#
#....#.## #.....W.....$#
#...#.## #............#
#....## #.........(..#
####...#######............#


You could see Josephine and 3 wraiths.

Vanquished Creatures
  A centaur warrior (D:8)
  Nergalle (D:9)
  A deep elf pyromancer (D:8)
  Maurice (D:8)
  An unseen horror (D:10)
  A troll (D:8)
  2 wyverns
  A shadow (D:10)
  2 steam dragons
  2 vampire mosquitoes (D:8)
  Menkaure (D:4)
  A water moccasin (D:5)
  A black bear (D:6)
  An orc warrior (D:10)
  An ice beast (D:5)
  2 centaurs (D:9)
  A wolf (D:8)
  A gnoll sergeant (D:5)
  A kobold brigand (D:8)
  A bullfrog (D:8)
  A scorpion (D:7)
  A necrophage (D:4)
  16 wights
  6 howler monkeys
  3 electric eels (D:8)
  2 centaur zombies (Ossuary)
  4 orc priests
  A jelly (D:5)
  A gnoll bouda (D:5)
  6 hounds
  Crazy Yiuf (D:5)
  3 orc wizards
  5 iguanas
  6 mummies (Ossuary)
  6 gnolls
  4 river rats (Sewer)
  14 adders
  2 shadow imps (D:8)
  11 white imps
  3 ufetubi (D:8)
  An adder zombie (D:3)
  6 worms
  2 dart slugs
  11 orcs
  10 endoplasms
  5 giant cockroaches
  3 goblins
  12 hobgoblins
  10 jackals
  13 kobolds
  4 quokkas
  13 ball pythons
  10 bats
  A frilled lizard (Sewer)
  6 hobgoblin zombies (Ossuary)
  2 quokka zombies (D:3)
  3 rats
232 creatures vanquished.

Vanquished Creatures (collateral kills)
  A troll (D:9)
  Grinder (D:4)
  A centaur (D:9)
  An electric eel (D:8)
  A foxfire (D:6)
5 creatures vanquished.

Vanquished Creatures (others)
  A steam dragon (D:9)
  4 demonic plants (D:8)
  524 foxfires
  2 fungi (D:5)
  4 plants (D:6)
535 creatures vanquished.

Grand Total: 772 creatures vanquished

Notes
Turn   | Place    | Note
-------+----------+-------------------------------------------
     0 | D:1      | croobank the Demonspawn Fire Elementalist began the quest
                  | for the Orb.
     0 | D:1      | Reached XP level 1. HP: 13/13 MP: 3/3
     2 | D:1      | Noticed a spriggan
     2 | D:1      | Noticed a naga
     4 | D:1      | Noticed a felid
     4 | D:1      | Noticed an ogre
     6 | D:1      | Noticed a tengu
    10 | D:1      | Noticed a gargoyle
    10 | D:1      | Noticed a troll
    12 | D:1      | Noticed a formicid
    12 | D:1      | Noticed a meteoran
    14 | D:1      | Noticed an elf
    14 | D:1      | Noticed an octopode
    16 | D:1      | Noticed a draconian
    16 | D:1      | Noticed a human
    18 | D:1      | Noticed a demonspawn
    18 | D:1      | Noticed a vine stalker
    20 | D:1      | Noticed a demigod
    20 | D:1      | Noticed a vampire
    22 | D:1      | Noticed a merfolk
    22 | D:1      | Noticed a minotaur
    24 | D:1      | Noticed a felid
    24 | D:1      | Noticed a ghoul
    26 | D:1      | Noticed an elf
    26 | D:1      | Noticed a minotaur
   248 | D:1      | Gained mutation: A weak demonic guardian rushes to your
                  | aid. [demonic ancestry]
   248 | D:1      | Reached XP level 2. HP: 18/19 MP: 0/5
   306 | D:1      | Found a faded altar of an unknown god.
   321 | D:1      | Prayed at the altar of an unknown god.
   321 | D:1      | Became a worshipper of the Wu Jian Council
   321 | D:1      | Reached * piety under Wu Jian
   480 | D:1      | You fall into a shaft and drop 1 floor!
   486 | D:2      | Learned a level 2 spell: Scorch
   841 | D:2      | Reached XP level 3. HP: 13/24 MP: 2/6
  1426 | D:1      | Reached ** piety under Wu Jian
  2298 | D:2      | Gained mutation: A demonic guardian rushes to your aid.
                  | [demonic ancestry]
  2298 | D:2      | Reached XP level 4. HP: 31/31 MP: 1/7
  2363 | D:2      | Reached skill level 1 in Fighting
  2636 | D:3      | Learned a level 3 spell: Inner Flame
  2764 | D:3      | Found a basalt altar of Yredelemnul.
  3694 | D:3      | Found a faded altar of an unknown god.
  3702 | D:3      | Found a shimmering blue altar of Sif Muna.
  3704 | D:3      | Found a sparkling altar of Nemelex Xobeh.
  3726 | D:3      | Found an ancient bone altar of Kikubaaqudgha.
  3847 | D:4      | Noticed Menkaure
  3852 | D:4      | Killed Menkaure
  3853 | D:4      | Reached XP level 5. HP: 20/37 MP: 3/9
  4093 | D:4      | Found a broken altar of Ashenzari.
  4320 | D:4      | Reached skill level 1 in Staves
  4320 | D:4      | Gained mutation: You have an unusually large brain. (Int
                  | +2) [demonic ancestry]
  4320 | D:4      | Reached XP level 6. HP: 44/44 MP: 3/10
  4388 | D:4      | Found a shadowy altar of Dithmenos.
  4548 | D:4      | Noticed Grinder
  4554 | D:4      | Paralysed by Grinder for 4 turns
  4557 | D:4      | Killed Grinder
  4558 | D:4      | Reached skill level 1 in Shields
  4579 | D:4      | Gained mutation: You may rarely emit foul miasma when
                  | damaged in melee. [demonic ancestry]
  4579 | D:4      | Reached XP level 7. HP: 44/50 MP: 2/11
  4601 | D:4      | Found a bloodstained altar of Trog.
  5157 | D:5      | Entered Level 5 of the Dungeon
  5172 | D:5      | Found a runed translucent door.
  5173 | D:5      | Noticed Crazy Yiuf
  5205 | D:5      | Reached skill level 1 in Hexes
  5207 | D:5      | Reached skill level 2 in Shields
  5339 | D:5      | Found a glowing drain.
  5411 | Sewer    | Entered a sewer
  5777 | Sewer    | Reached *** piety under Wu Jian
  6748 | D:5      | Gained mutation: You sometimes emit foul miasma when
                  | damaged in melee. [demonic ancestry]
  6748 | D:5      | Reached XP level 8. HP: 57/57 MP: 8/13
  6753 | D:5      | Learned a level 4 spell: Flame Wave
  7570 | D:5      | Killed Crazy Yiuf
  8043 | D:6      | Reached skill level 3 in Shields
  8806 | D:5      | Reached **** piety under Wu Jian
  9070 | D:6      | Found a sacrificial altar of Ru.
  9247 | D:6      | Found a staircase to the Ecumenical Temple.
  9524 | D:7      | Found a snail-covered altar of Cheibriados.
  9684 | D:7      | Found an ornate altar of the Wu Jian Council.
  9978 | D:7      | Identified the ring of Orarr {Drain rPois Will+ rCorr SInv}
 10140 | D:7      | Reached skill level 4 in Shields
 10146 | D:7      | Gained mutation: Your touch may inflict minor irresistible
                  | damage on your foes. [demonic ancestry]
 10146 | D:7      | Reached XP level 9. HP: 30/64 MP: 2/15
 11006 | D:8      | Found a sand-covered staircase.
 11011 | Ossuary  | Entered an ossuary
 11323 | D:8      | Noticed a troll
 11326 | D:8      | Killed a troll
 11506 | D:8      | Reached ***** piety under Wu Jian
 11588 | D:8      | Found a burning altar of Makhleb.
 11606 | D:8      | Found a staircase to the Lair.
 11661 | D:8      | Found a hide-covered altar of Uskayaw.
 11676 | D:8      | Reached skill level 5 in Fire Magic
 12055 | D:8      | Reached skill level 5 in Shields
 12393 | D:8      | Noticed Maurice
 12398 | D:8      | Killed Maurice
 12436 | D:8      | Noticed a deep elf pyromancer
 12445 | D:8      | Killed a deep elf pyromancer
 12446 | D:8      | Gained mutation: You have an extremely huge brain. (Int +4)
                  | [demonic ancestry]
 12446 | D:8      | Reached XP level 10. HP: 59/73 MP: 3/17
 12542 | D:8      | Noticed a centaur warrior
 12563 | D:8      | Reached skill level 5 in Stealth
 12661 | D:8      | Killed a centaur warrior
 12662 | D:8      | Reached skill level 5 in Spellcasting
 12832 | D:8      | Got the Almanac of Ozone
 12964 | D:9      | Reached skill level 5 in Conjurations
 12985 | D:9      | Reached skill level 5 in Dodging
 13252 | D:9      | Noticed a two-headed ogre
 13254 | D:9      | Noticed booth's ghost (novice DsGl)
 13256 | D:9      | Found a bloodstained altar of Trog.
 13256 | D:9      | Noticed a tengu warrior
 13344 | D:9      | Reached skill level 1 in Ice Magic
 13497 | D:9      | Found a transporter.
 13504 | D:9      | Noticed a moth of wrath
 13517 | D:9      | Found a transporter.
 13890 | D:10     | Entered Level 10 of the Dungeon
 13930 | D:10     | Reached skill level 5 in Fighting
 14092 | D:10     | Reached skill level 6 in Shields
 14095 | D:10     | Noticed Nergalle
 14107 | D:9      | Killed Nergalle
 14658 | D:10     | Noticed Josephine
 14694 | D:10     | Killed from afar by Josephine

Illustrated notes

Levels and vault maps discovered:
D:1:      kb_arrival_jail, layout_loops_ring,
          hellmonk_ecumenical_altar_arch_garden
D:2:      layout_basic, minmay_misc_feat_rugged, feat_on_display
D:3:      layout_loops_ring, nicolae_yredelemnul_corpse_copse,
          chequers_temple_overflow_minitemple, roderic_roman_lattice,
          amcnicky_mini_rare_corridor_liquid, grunt_decor_clamped
D:4:      layout_cave_pods, evilmike_ruin_ashenzari,
          mainiacjoe_overflow_boulevard, lemuel_tele_altar, uniq_grinder,
          uniq_menkaure
D:5:      layout_layer_cave, cheibrodos_sewer_entry_sluice, serial_rivers,
          chequers_serial_rivers_small_b, chequers_serial_rivers_marsh,
          chequers_serial_rivers_small_b, chequers_serial_rivers_small_3,
          chequers_serial_rivers_large_a, chequers_serial_rivers_small_3,
          grunt_ministairs_12, st_stairs_9, minmay_misc_feat_hallway,
          uniq_crazy_yiuf_cottage
D:6:      layout_loops_ring, nicolae_ru_awakened_eye, temple_hall,
          corexii_checkpoint_a, nicolae_grassy_gnolls
D:7:      layout_basic, kennysheep_slug_shrine, lemuel_doored_altar,
          wad_floor_pattern_1
D:8:      layout_basic, kennysheep_mini_moat, nicolae_uskayaw_dance_hall,
          erik_lair_island, serial_demonic, serial_demonic_e, serial_demonic_c,
          serial_demonic_f, serial_demonic_d, serial_demonic_g,
          serial_demonic_f, serial_demonic_g, enter_ossuary_5,
          minmay_diamond_spiral, uniq_maurice
D:9:      layout_loops_ring, gammafunk_ghost_wrathful_warriors,
          hangedman_glass_teeth
D:10:     layout_long_grid, okawaru_trees_2, uniq_josephine, uniq_nergalle

Skill      XL: |  1  2  3  4  5  6  7  8  9 10 |
---------------+-------------------------------+-----
Stealth        | 2 3 4 5 |  5.4
Dodging        | 2 3 4 5 |  5.1
Fire Magic     | 3 4 5 |  5.8
Fighting       | 1 2 3 4 5 |  5.3
Conjurations   | 2 3 4 5 |  5.5
Staves         | 1 2 3 4 |  4.5
Shields        | 1 2 4 5 6 |  6.1
Spellcasting   | 3 4 5 |  5.4
Hexes          | 1 2 3 4 |  4.8
Ice Magic      | 2 |  2.2

Action                   |  1- 3 |  4- 6 |  7- 9 | 10-12 || total
-------------------------+-------+-------+-------+-------++-------
Melee: Short sword       |    14 |       |       |       ||    14
       Unarmed           |     2 |       |       |       ||     2
       Staff             |       |     3 |    20 |    11 ||    34
       Touch             |       |       |     1 |       ||     1
 Cast: Foxfire           |    49 |    33 |   212 |    24 ||   318
       Scorch            |     7 |    21 |    91 |    47 ||   166
Invok: Lunge             |     1 |       |     2 |     1 ||     4
       Whirlwind         |       |       |     2 |     2 ||     4
       Serpent's Lash    |       |       |       |     1 ||     1
       Heavenly Storm    |       |       |       |     1 ||     1
  Use: Scroll            |       |       |    25 |     2 ||    27
       Potion            |       |       |     1 |     1 ||     2
 Stab: Sleeping          |     1 |       |       |       ||     1
Armor: Robe              |     4 |     4 |    35 |     4 ||    47
       Steam dragon scal |       |       |       |    16 ||    16
Dodge: Dodged            |     9 |     8 |    86 |    29 ||   132
Block: Kite shield       |       |       |     3 |    32 ||    35
